Map: Berlingrad LE

Players

AreZ - Winner!

  • Race: Terran Terran

SWPro

  • Race: Protoss Protoss
  • League: Master

VOD

Have the link to the VOD?

Description

Time

  • Played on: Oct. 30, 2021, 4:39 p.m.
  • Length: 7:07
Show
View Real Time Build Order
Export as new Build Order

AreZ Terran - Winner!

Build Orders: 2 Factory 

Get SALT Encoding   

  12  0:00  SCV  
  13  0:12  SCV  
  14  0:18  Supply Depot  
  14  0:25  SCV  
  15  0:40  SCV  
  15  0:41  Barracks  
  16  0:46  Refinery  
  16  0:52  SCV  
  17  0:57  Refinery  
  17  1:04  SCV  
  18  1:16  SCV  
  19  1:29  Reaper, Orbital Command  
  20  1:40  Bunker  
  20  1:47  Supply Depot  
  20  1:56  SCV  
  22  2:09  Factory  
  22  2:14  SCV  
  22  2:28  Marine  
  23  2:36  SCV  
  24  2:40  Command Center  
  24  2:46  Marine  
  24  2:48  SCV  
  24  2:49  Supply Depot  
  26  2:58  Factory Tech Lab  
  26  3:04  SCV, Marine, Factory  
  28  3:17  SCV  
  29  3:21  Cyclone, Marine  
  33  3:27  Mag-Field Accelerator  
  33  3:40  Factory  
  33  3:46  SCV  
  34  3:54  Orbital Command  
  34  3:55  Factory Tech Lab  
  34  3:58  Cyclone  
  34  4:00  SCV  
  38  4:13  Orbital Command  
  38  4:17  Cyclone  
  38  4:20  SCV  
  36  4:30  Cyclone  
  39  4:32  Factory Tech Lab  
  39  4:40  SCV  
  40  4:48  SCV  
  41  4:53  Refinery  
  41  4:54  Refinery  
  41  4:55  Supply Depot  
  41  4:58  Cyclone  
  44  5:00  SCV  
  45  5:07  SCV  
  45  5:10  Cyclone  
  45  5:12  SCV  
  50  5:26  Supply Depot  
  50  5:27  Cyclone, Supply Depot  
  53  5:30  SCV x2  
  53  5:35  Engineering Bay  
  55  5:38  Cyclone  
  58  5:44  SCV x2  
  58  5:48  Cyclone  
  63  5:56  SCV x2  
  65  5:59  Supply Depot  
  65  6:00  Supply Depot  
  65  6:05  Cyclone  
  65  6:06  Missile Turret  
  68  6:11  Cyclone  
  67  6:20  Cyclone  
  67  6:28  SCV x2  
  72  6:40  SCV  
Show
View Real Time Build Order
Export as new Build Order

SWPro Protoss 

Build Orders: 1 Gate Expand 

Get SALT Encoding   

  12  0:01  Probe  
  13  0:13  Probe  
  14  0:18  Pylon  
  14  0:25  Probe (Chrono Boost)  
  15  0:37  Probe (Chrono Boost)  
  15  0:38  Gateway  
  16  0:45  Probe (Chrono Boost)  
  16  0:46  Assimilator  
  17  0:52  Probe  
  18  1:04  Probe  
  19  1:16  Probe  
  20  1:28  Probe  
  20  1:29  Cybernetics Core  
  21  1:36  Nexus  
  21  1:40  Probe  
  22  1:52  Assimilator, Pylon  
  22  2:09  Stalker (Chrono Boost)  
  22  2:14  Warp Gate (Chrono Boost)  
  23  2:29  Probe  
  23  2:41  Gateway  
  23  2:42  Gateway  
  23  2:45  Probe  
  24  2:56  Stalker  
  26  3:05  Pylon  
  26  3:20  Probe  
  26  3:35  Probe x2, Shield Battery  
  28  3:47  Probe  
  28  3:55  Stalker  
  30  3:56  Stalker x2  
  27  4:13  Probe x2 (Chrono Boost)  
  28  4:25  Probe (Chrono Boost)  
  28  4:30  Probe (Chrono Boost), Robotics Facility  
  30  4:32  Probe (Chrono Boost)  
  30  4:36  Probe  
  32  4:41  Stalker  
  32  4:42  Stalker  
  32  4:43  Probe  
  37  4:52  Probe  
  38  4:55  Probe  
  39  5:01  Stalker  
  39  5:05  Probe  
  42  5:09  Pylon  
  42  5:13  Probe  
  43  5:19  Observer (Chrono Boost)  
  43  5:20  Twilight Council  
  44  5:23  Probe  
  45  5:32  Probe, Shield Battery  
  45  5:35  Stalker  
  48  5:45  Stalker  
  50  5:50  Warp Prism (Chrono Boost)  
  50  5:56  Probe  
  53  5:59  Probe  
  52  6:21  Probe  
  52  6:22  Probe  
  45  6:31  Stalker x3  
  49  6:34  Probe  
  46  6:40  Shield Battery  
  46  6:44  Probe  
  46  6:45  Assimilator  
Tags
 
Add a new tag
Caveats
  • Supply blocks, unpowered buildings, or Contaminate may cause inaccurate times.
  • Supply counts are checked every 10 seconds.